AoeStats
← mryendl2410

Black Forest

510292216Analyzed
4v4 RM · 1d ago on Sep 30, 2026· 67m 21s· 8 players
Game mode
Random Map
Map size
Large (8 player)
Population
200
Speed
Normal
Resources
Standard
Victory
Conquest
Starting age
Dark Age
Ending age
Imperial Age
RankedLock teamsTeams togetherTeam positionsShared explorationLock speedFull tech treeHidden civsTurbo modeCheats
Victory
Defeat
🇺🇸 Ethiopians · United States
1378
+15
🇬🇧 Huns · United Kingdom
1350
+16
🇬🇧 Dravidians · United Kingdom
1343
+16
🇨🇦 Portuguese · Canada
1325
+17
🇹🇼 Mongols · Taiwan
1382
-18
🇻🇳 Ethiopians · Vietnam
1357
-16
🇹🇼 Varangians · Taiwan
1333
-15
🇨🇳 Khmer · China
1320
-15
轟炸雞肉乾媽媽
10:58 Feudal Age
15:41 Castle Age
14:12 Double-Bit Axe
15:36 Horse Collar
18:31 Loom
22:33 Wheelbarrow
22:23 Bow Saw
23:18 Stone Mining
23:45 Gold Mining
25:06 Stone Shaft Mining
30:07 Imperial Age
28:31 Fletching
29:03 Ballistics
29:39 Hand Cart
29:27 Bodkin Arrow
29:32 Padded Archer Armor
29:56 Heavy Plow
30:37 Gold Shaft Mining
31:08 Conscription
30:47 Elite Mangudai
32:10 Bracer
33:13 Chemistry
32:52 Caravan
33:10 Scale Barding Armor
33:16 Forging
33:08 Murder Holes
33:43 Husbandry
33:27 Light Cavalry
34:21 Bloodlines
34:37 Leather Archer Armor
34:46 Chain Barding Armor
35:24 Parthian Tactics
35:04 Thumb Ring
34:59 Hussar
36:48 Iron Casting
38:08 Hoardings
40:50 Blast Furnace
39:40 Town Watch
43:57 Masonry
托尼
8:40 Loom
11:19 Feudal Age
12:23 Double-Bit Axe
17:59 Castle Age
15:53 Fishing Lines
18:57 Bow Saw
19:05 Gillnets
26:27 Wheelbarrow
28:18 Horse Collar
28:57 Hand Cart
28:28 Town Watch
29:13 Gold Mining
29:14 Stone Mining
32:35 Imperial Age
30:41 Forging
30:36 Scale Barding Armor
30:59 Ballistics
30:20 Treadmill Crane
31:02 Ballistics
31:54 Stone Shaft Mining
31:49 Caravan
32:19 Coinage
32:23 Bloodlines
32:13 Husbandry
31:34 Light Cavalry
32:18 Squires
32:04 Gambesons
32:08 Arson
32:30 Scale Mail Armor
32:53 Heavy Plow
34:44 Iron Casting
34:29 Chain Barding Armor
34:25 Chain Mail Armor
34:01 Fletching
34:11 Padded Archer Armor
34:15 Husbandry
34:30 Fortified Wall
35:04 Conscription
34:28 Pikeman
34:29 Elite Varangian Guard
35:59 Banking
35:40 Guilds
35:03 Vendel Legacy
35:29 Elite Jarl
37:30 Two-Man Saw
37:16 Crop Rotation
37:28 Plate Barding Armor
37:54 Blast Furnace
38:31 Chemistry
39:43 Fletching
39:53 Padded Archer Armor
40:09 Chain Mail Armor
43:04 Bodkin Arrow
43:25 Leather Archer Armor
47:36 Hussar
50:39 Bracer
50:55 Leather Archer Armor
50:39 Murder Holes
50:55 Masonry
51:03 Elite Skirmisher
56:12 Halberdier
56:16 Gothikon
57:36 Plate Mail Armor
57:48 Ring Archer Armor
mryendl2410
5:36 Loom
12:47 Feudal Age
13:50 Double-Bit Axe
16:32 Castle Age
14:41 Horse Collar
15:07 Gold Mining
15:31 Fletching
16:46 Crossbowman
17:41 Bodkin Arrow
22:22 Padded Archer Armor
23:26 Ballistics
24:48 Leather Archer Armor
31:36 Imperial Age
30:03 Wheelbarrow
31:17 Thumb Ring
31:40 Bow Saw
32:20 Bracer
33:26 Chemistry
34:00 Ring Archer Armor
33:36 Arbalester
42:03 Heavy Plow
43:04 Two-Man Saw
46:46 Capped Ram
47:52 Siege Ram
49:28 Elite Skirmisher
51:41 Scale Mail Armor
52:27 Squires
52:43 Chain Mail Armor
52:06 Halberdier
53:04 Arson
53:34 Forging
53:55 Plate Mail Armor
825889483
0:58 Loom
11:55 Feudal Age
14:40 Castle Age
13:25 Double-Bit Axe
19:12 Town Watch
22:10 Wheelbarrow
23:38 Horse Collar
24:31 Bow Saw
29:10 Imperial Age
28:01 Bloodlines
27:52 Husbandry
29:20 Hand Cart
29:53 Elite Battle Elephant
31:00 Scale Barding Armor
31:06 Forging
31:00 Tusk Swords
30:58 Gold Mining
32:34 Gold Shaft Mining
32:37 Conscription
34:10 Chain Barding Armor
34:45 Iron Casting
36:05 Plate Barding Armor
35:45 Heavy Plow
39:20 Light Cavalry
50:38 Hussar
64:58 Heavy Scorpion
p0psicle
1:12 Loom
10:09 Feudal Age
11:44 Double-Bit Axe
17:44 Castle Age
16:09 Horse Collar
19:08 Wheelbarrow
18:50 Bow Saw
21:41 Town Watch
30:10 Wheelbarrow
34:21 Imperial Age
33:00 Pikeman
34:25 Elite Skirmisher
34:56 Fletching
35:07 Padded Archer Armor
35:29 Ballistics
36:11 Chemistry
36:00 Bodkin Arrow
36:20 Leather Archer Armor
37:33 Bracer
38:04 Ring Archer Armor
38:07 Arquebus
38:27 Conscription
40:03 Scale Mail Armor
40:13 Forging
43:14 Chain Mail Armor
43:34 Iron Casting
47:49 Caravan
49:24 Hand Cart
49:41 Thumb Ring
55:55 Town Patrol
Hurin
13:04 Feudal Age
16:36 Castle Age
14:47 Double-Bit Axe
14:55 Fishing Lines
17:31 Bow Saw
17:25 Gillnets
17:38 Horse Collar
20:12 Wheelbarrow
20:08 Loom
20:51 Town Watch
23:19 Gold Mining
26:03 Hand Cart
28:57 Imperial Age
27:18 Scale Mail Armor
27:29 Forging
28:07 Heavy Plow
28:44 Squires
30:45 Chemistry
30:08 Chain Mail Armor
29:20 Halberdier
31:50 Two-Man Saw
31:36 Iron Casting
31:33 Plate Mail Armor
31:21 Torsion Engines
31:42 Conscription
32:46 Arson
33:35 Siege Engineers
35:14 Onager
36:50 Siege Onager
40:20 Iron Casting
39:35 Fletching
42:04 Bodkin Arrow
43:10 Blast Furnace
42:39 Caravan
smithy10w
11:23 Feudal Age
15:02 Castle Age
13:26 Double-Bit Axe
13:23 Fishing Lines
16:44 Bow Saw
18:02 Wheelbarrow
17:36 Gillnets
20:46 Horse Collar
22:49 Hand Cart
22:50 Heavy Plow
24:56 Gold Mining
24:56 Stone Mining
26:09 Forging
26:06 Scale Barding Armor
28:49 Imperial Age
26:59 Gold Shaft Mining
27:30 Iron Casting
27:25 Husbandry
27:36 Bloodlines
27:56 Chain Barding Armor
27:50 Masonry
28:34 Loom
28:34 Town Watch
28:57 Cavalier
30:25 Plate Barding Armor
30:50 Blast Furnace
30:52 Two-Man Saw
31:11 Chemistry
30:35 Conscription
31:05 Guilds
30:55 Caravan
31:25 Coinage
31:16 Fletching
30:51 Paladin
32:33 Bodkin Arrow
33:32 Banking
33:39 Light Cavalry
36:12 Hussar
37:12 Marauders
37:33 Atheism
39:13 Elite Tarkan
46:24 Bracer
wagwan_son
13:49 Feudal Age
17:52 Castle Age
16:38 Double-Bit Axe
16:40 Fishing Lines
18:36 Gillnets
18:59 Bow Saw
18:41 Horse Collar
19:28 Heavy Plow
25:03 Wheelbarrow
24:15 Loom
25:10 Gold Mining
25:14 Stone Mining
26:26 Hand Cart
30:27 Imperial Age
28:29 Ballistics
28:21 Fletching
28:32 Padded Archer Armor
29:50 Thumb Ring
29:46 Bodkin Arrow
30:39 Leather Archer Armor
30:45 Caravan
30:55 Medical Corps
31:06 Forging
32:32 Chemistry
32:00 Conscription
32:35 Onager
35:16 Two-Man Saw
34:28 Elite Elephant Archer
36:06 Ring Archer Armor
35:47 Bracer
40:03 Coinage
44:18 Banking
45:13 Bombard Tower
55:21 Guilds
63:05 Siege Elephant
66:55 Siege Onager
Connection lost

Rejoining the realm…

Still unreachable

The connection could not be restored.

Session expired

The server has moved on; the page needs a fresh start.